 Dungeon Crawl Stone Soup version 0.32-a0-630-g46d191b0ed (webtiles) character file.

Game seed: 6248204376944741586

912 seren the Cudgeller (level 7, -8/55 HPs)
             Began as a Demonspawn Gladiator on Mar 6, 2024.
             Mangled by an orc warrior
             ... wielding a +2 halberd of holy wrath
              (14 damage)
             ... on level 7 of the Dungeon.
             The game lasted 00:12:26 (5186 turns).

seren the Cudgeller (Demonspawn Gladiator)          Turns: 5186, Time: 00:12:27

Health: -8/55      AC:  8    Str: 22    XL:     7   Next: 82%
Magic:  7/7        EV: 13    Int:  8    God:
Gold:   130        SH:  0    Dex: 15    Spells: 6/6 levels left

rFire   . . .        a - +0 flail (elec)
rCold   . . .        (no shield)
rNeg    . . .        s - +0 ring mail
rPois   .            c - +1 helmet
rElec   .            (no cloak)
rCorr   .            (no gloves)
SInv    .            (no boots)
Will    +....        (no amulet)
Stlth   +            i - +6 ring of strength
HPRegen 0.29/turn    w - ring of willpower
MPRegen 0.20/turn

%: no passive effects
@: wreathed by umbra
A: rugged brown scales 1, magic regeneration, demonic touch 1, foul shadow 1
a: no special abilities


You were on level 7 of the Dungeon.
You visited 1 branch of the dungeon, and saw 7 of its levels.

You collected 338 gold pieces.
You spent 208 gold pieces at shops.

Inventory:

Hand Weapons
 a - a +0 flail of electrocution (weapon)
 p - a +2 dagger of electrocution
 G - the +5 quarterstaff "Egir" {flame, +Blink rC+ Int+4 Dex-2}
   (You found it on level 7 of the Dungeon)

   Int+4:     It affects your intelligence (+4).
   Dex-2:     It affects your dexterity (-2).
   rC+:       It protects you from cold.
   +Blink:    It lets you blink.
Missiles
 d - 3 throwing nets {!f}
 e - a javelin
 g - 3 poisoned darts (quivered)
 m - 16 stones
Armour
 c - a +1 helmet (worn)
 s - a +0 ring mail (worn)
Jewellery
 i - a +6 ring of strength (left hand)
 w - a ring of willpower (right hand)
Talismans
 x - a beast talisman
Wands
 y - a wand of mindburst (8)
Scrolls
 j - 4 scrolls of teleportation {!r}
 k - a scroll of poison
 l - 2 scrolls of vulnerability
 n - a scroll of enchant armour
 o - a scroll of brand weapon
 q - 2 scrolls of revelation
 r - 5 scrolls of amnesia
 u - a scroll of identify
 D - a scroll of fear {unknown}
 E - a scroll of acquirement {unknown}
Potions
 b - a potion of might {unknown}
 f - 4 potions of curing
 h - 3 potions of heal wounds
 t - a potion of cancellation {unknown}
 v - a potion of haste {unknown}
 z - a potion of invisibility {unknown}
 A - a potion of berserk rage
 B - a potion of mutation {unknown}
 C - a potion of degeneration {unknown}
 F - a potion of ambrosia {unknown}


   Skills:
 + Level 4.0 Fighting
 * Level 5.1 Maces & Flails
 + Level 3.7 Throwing
 + Level 2.6 Armour
 + Level 4.4 Dodging
 + Level 1.7 Evocations


You had 6 spell levels left.
You didn't know any spells.
Your spell library was empty.

Dungeon Overview and Level Annotations

Branches:
Dungeon (7/15)
 Temple: D:4-7

Altars:
Cheibriados
Dithmenos
Ru
Trog
Uskayaw
Yredelemnul

Shops:
D:5 !


Innate Abilities, Weirdness & Mutations

You are partially covered in rugged brown scales. (AC +1, +3% HP)
You regenerate magic rapidly.
Your touch may inflict minor irresistible damage on your foes.
You are faintly shadowed, very rarely releasing foul flame when damaged in melee.


Message History

Throw: 5 darts (poison)
Press: ? - help, Q - select action, (/) - cycle Shift-Dir - straight line, f/p - orc warrior
Aim: an orc warrior, wielding a +2 halberd of holy wrath and wearing a +0 plate armour (heavily wounded, very poisoned, 59% to hit)
You throw a poisoned dart.
The poisoned dart barely misses the orc warrior.
The poisoned dart completely misses the orc.
The orc warrior closely misses you.
Throw: 4 darts (poison)
Press: ? - help, Q - select action, (/) - cycle Shift-Dir - straight line, f/p - orc warrior
Aim: an orc warrior, wielding a +2 halberd of holy wrath and wearing a +0 plate armour (heavily wounded, very poisoned, 59% to hit)
You throw a poisoned dart. The poisoned dart hits the orc warrior.
The orc warrior looks even sicker.
The orc warrior is heavily wounded.
The orc warrior closely misses you.
The orc warrior hits you from afar with a +2 halberd of holy wrath!
You convulse!
* * * LOW HITPOINT WARNING * * *
The orc warrior barely misses you. The orc warrior misses you.
You closely miss the orc warrior. Your touch misses the orc warrior.
The orc warrior is severely wounded.
The orc hits you but does no damage. The orc warrior closely misses you.
You completely miss the orc warrior.
The orc warrior is severely wounded.
The orc closely misses you. The orc warrior completely misses you.
The orc misses you.
You barely miss the orc warrior.
The orc warrior is severely wounded.
The orc warrior hits you with a +2 halberd of holy wrath!
* * * LOW HITPOINT WARNING * * *
You convulse!
* * * LOW HITPOINT WARNING * * *
The orc closely misses you. The orc warrior closely misses you.
You sock the orc warrior!
The orc warrior is almost dead.
The orc misses you.
The orc warrior hits you with a +2 halberd of holy wrath!
* * * LOW HITPOINT WARNING * * *
You convulse!
You die...

#(# #(# #)# #.#
#.# #.# ####(##
#...o.# #...o@#
######### #.....#
#.......####.....#
#.......#........#
#.....?...########
#........##
#.......##
#.......#
........#


You could see an orc warrior (very poisoned) and an orc.

Vanquished Creatures
  An ogre (D:6)
  A bullfrog (D:7)
  3 howler monkeys
  A bombardier beetle (D:6)
  4 hounds
  2 sleepcaps
  3 iguanas
  3 orc wizards
  A hound zombie (D:4)
  4 gnolls
  9 adders
  2 shadow imps
  2 white imps (D:6)
  2 ufetubi (D:5)
  An adder zombie (D:4)
  2 ribbon worms
  4 dart slugs
  19 orcs
  7 ball pythons
  5 bats
  5 endoplasms
  5 giant cockroaches
  8 goblins
  5 hobgoblins
  7 jackals (D:3)
  9 quokkas
  5 frilled lizards
  10 kobolds
  6 rats
136 creatures vanquished.

Notes
Turn   | Place    | Note
-------+----------+-------------------------------------------
     0 | D:1      | seren the Demonspawn Gladiator began the quest for the Orb.
     0 | D:1      | Reached XP level 1. HP: 16/16 MP: 1/1
   137 | D:1      | Gained mutation: You are faintly shadowed, very rarely
                  | releasing foul flame when damaged in melee. [demonic
                  | ancestry]
   137 | D:1      | Reached XP level 2. HP: 16/22 MP: 2/2
   657 | D:1      | Reached skill level 3 in Maces & Flails
   849 | D:1      | Reached XP level 3. HP: 5/28 MP: 3/3
  1333 | D:2      | Gained mutation: You regenerate magic rapidly. [demonic
                  | ancestry]
  1333 | D:2      | Reached XP level 4. HP: 29/34 MP: 4/4
  1469 | D:2      | You fall into a shaft and drop 1 floor!
  1735 | D:3      | Found a faded altar of an unknown god.
  2446 | D:3      | Gained mutation: You are partially covered in rugged brown
                  | scales. (AC +1, +3% HP) [demonic ancestry]
  2446 | D:3      | Reached XP level 5. HP: 31/40 MP: 5/5
  2521 | D:3      | Reached skill level 1 in Armour
  2560 | D:3      | Found a snail-covered altar of Cheibriados.
  2926 | D:4      | Found a basalt altar of Yredelemnul.
  3018 | D:4      | Reached skill level 4 in Maces & Flails
  3018 | D:4      | Gained mutation: Your touch may inflict minor irresistible
                  | damage on your foes. [demonic ancestry]
  3018 | D:4      | Reached XP level 6. HP: 48/48 MP: 6/6
  3021 | D:4      | Found a hide-covered altar of Uskayaw.
  3118 | D:4      | Found a bloodstained altar of Trog.
  3169 | D:5      | Entered Level 5 of the Dungeon
  3703 | D:5      | Found Fisam's Distillery.
  3711 | D:5      | Bought a potion of heal wounds for 65 gold pieces
  3711 | D:5      | Bought a potion of curing for 39 gold pieces
  3711 | D:5      | Bought a potion of berserk rage for 65 gold pieces
  3711 | D:5      | Bought a potion of curing for 39 gold pieces
  4256 | D:6      | Found a shadowy altar of Dithmenos.
  4303 | D:6      | Reached XP level 7. HP: 53/53 MP: 7/7
  4524 | D:6      | Reached skill level 1 in Evocations
  4707 | D:6      | Found a sacrificial altar of Ru.
  4840 | D:7      | Reached skill level 5 in Maces & Flails
  4954 | D:7      | Identified the +5 quarterstaff "Egir" {flame, +Blink rC+
                  | Int+4 Dex-2}
  5186 | D:7      | Mangled by an orc warrior

Illustrated notes

Levels and vault maps discovered:
D:1:      nzn_arrival_water_spiral, layout_loops_corners
D:2:      layout_rooms, minmay_misc_feat_nine_boxes, st_stairs_8,
          minmay_close_crescents
D:3:      minmay_evil_eye, layout_loops_corners, cheibriados_altar_1,
          ebering_ecumenical_altar_webs
D:4:      layout_cave_pools, lemuel_zombie_altar_yredelemnul,
          mainiacjoe_overflow_tiny_flanked, lemuel_round_altar
D:5:      layout_basic, mainiacjoe_overflow_boulevard, serial_shops,
          nicolae_shop_industrial_runoff, chequers_hall_statues_corner_a,
          chequers_serial_rivers_micro_c
D:6:      layout_cave_pools, kennysheep_little_box, grunt_dithmenos_smoke
D:7:      layout_basic, minmay_temple_entry_overgrown

Skill      XL: |  1  2  3  4  5  6  7 |
---------------+----------------------+-----
Throwing       | 2 3 |  3.7
Dodging        | 3 4 |  4.4
Maces & Flails | 3 4 5 |  5.1
Armour         | 1 2 |  2.6
Fighting       | 3 4 |  4.0
Evocations     | 1 |  1.7

Action                     |  1- 3 |  4- 6 |  7- 9 || total
---------------------------+-------+-------+-------++-------
  Melee: Flail             |   110 |   226 |    61 ||   397
         Touch             |       |     8 |     7 ||    15
  Throw: Dart              |       |     6 |     7 ||    13
    Use: Scroll            |       |     6 |     2 ||     8
   Stab: Sleeping          |     1 |       |       ||     1
 Armour: Leather armour    |    79 |    10 |       ||    89
         Ring mail         |       |   113 |    38 ||   151
  Dodge: Dodged            |    98 |   207 |    64 ||   369

Table legend: (Time is in decaauts)
 A = Elapsed time spent in this place.
 B = Non-inter-level travel time spent in this place.
 C = Inter-level travel time spent in this place.
 D = Time resting spent in this place.
 E = Time spent auto-exploring this place.
 F = Levels seen in this place.
 G = Mean time per level.
                   A        B        C        D        E       F      G
               +--------+--------+--------+--------+--------+-----+--------+
         Total |   5278 |   5016 |    262 |    269 |   3384 |   7 |  754.0 |
       Dungeon |   5278 |   5016 |    262 |    269 |   3384 |   7 |  754.0 |
               +--------+--------+--------+--------+--------+-----+--------+

Top non-repeatable levels by time:
     D:3: 1056 daAuts
     D:5: 990 daAuts
     D:1: 988 daAuts
     D:6: 689 daAuts
     D:2: 651 daAuts
     D:4: 565 daAuts
     D:7: 336 daAuts
